TOP OF THE 1ST |
Nevada Noise batting - Pitching for San Francisco Bandits : LHP Jesús López
|
Pitching: LHP Jesús López
|
|
Batting: RHB Fernando Gálvez
|
0-0: Called Strike 0-1: Swinging Strike 0-2: SINGLE (Groundball, 6MD)
|
Batting: RHB Jim Tracy
|
0-0: Called Strike 0-1: Ball 1-1: Ball 2-1: Called Strike 2-2: Ball 3-2: Ground out 1-3 (Groundball, 15S) Fernando Gálvez to second
|
Batting: LHB Greg Nelson
|
0-0: Ball 1-0: Swinging Strike 1-1: Swinging Strike 1-2: Ball 2-2: SINGLE (Groundball, 4D) Fernando Gálvez to third Runner from 3rd tries for Home, SAFE, no throw
|
Batting: RHB Luis Cruz
|
0-0: Foul Ball, location: 2F 0-1: Ball 1-1: Ball 2-1: Fly out, F8 (Flyball, 8LM)
|
Batting: RHB Iván Gonzáles
|
0-0: Called Strike 0-1: Ground out U3 (Groundball, 34S)
|
Top of the 1st over - 1 run, 2 hits, 0 errors, 1 left on base; Nevada 1 - San Francisco 0 |
BOTTOM OF THE 1ST |
San Francisco Bandits batting - Pitching for Nevada Noise : RHP Jung Chwa
|
Pitching: RHP Jung Chwa
|
|
Batting: RHB Javier Ramírez
|
0-0: Ball 1-0: Ball 2-0: DOUBLE (Line Drive, 89XD)
|
Batting: SHB Terry Dailey
|
0-0: Fly out, F7 (Flyball, 78M)
|
Batting: LHB Chris Austin
|
0-0: Ball 1-0: Ball 2-0: Ground out 5-3 (Groundball, 56)
|
Batting: RHB Owen Carter
|
0-0: Swinging Strike 0-1: Swinging Strike 0-2: Ball 1-2: Fly out, F9 (Flyball, 89XD)
|
Bottom of the 1st over - 0 runs, 1 hit, 0 errors, 1 left on base; Nevada 1 - San Francisco 0 |
TOP OF THE 2ND |
Nevada Noise batting - Pitching for San Francisco Bandits : LHP Jesús López
|
Batting: RHB José Aguilera
|
0-0: Foul Ball, location: 2F 0-1: Ball 1-1: Called Strike 1-2: Ball 2-2: Ground out 4-3 (Groundball, 4)
|
Batting: SHB Nate Rhodes
|
0-0: Called Strike 0-1: Foul Ball, location: 2F 0-2: Ground out 6-3 (Groundball, 6)
|
Batting: LHB Milton Watson
|
0-0: Ball 1-0: Ball 2-0: Ball 3-0: Base on Balls
|
Batting: SHB Derek Roach
|
0-0: Ball 1-0: Foul Ball, location: 2F 1-1: Called Strike 1-2: Strikes out swinging
|
Top of the 2nd over - 0 runs, 0 hits, 0 errors, 1 left on base; Nevada 1 - San Francisco 0 |
BOTTOM OF THE 2ND |
San Francisco Bandits batting - Pitching for Nevada Noise : RHP Jung Chwa
|
Batting: LHB Mario García
|
0-0: SINGLE (Groundball, 56D)
|
Batting: LHB Alan McGilroy
|
0-0: Ball Mario García steals 2nd base 1-0: DOUBLE (Groundball, 3L) Mario García scores
|
Batting: RHB Millard Stark
|
0-0: Called Strike 0-1: Ball 1-1: Foul Ball, location: 2F 1-2: Foul Ball, location: 2F 1-2: Ball 2-2: Foul Ball, location: 2F 2-2: Ball 3-2: SINGLE (Flyball, 89S) Alan McGilroy to third
|
Batting: RHB Scott Merritt
|
0-0: Called Strike 0-1: Foul Ball, location: 2F 0-2: Fly out, F4 (Line Drive, 4)
|
Batting: RHB Lorenzo Mota
|
0-0: Ball 1-0: Called Strike 1-1: Ball 2-1: Called Strike 2-2: DOUBLE (Line Drive, 7D) Alan McGilroy scores Millard Stark to third
|
Batting: RHB Javier Ramírez
|
0-0: Swinging Strike 0-1: Called Strike 0-2: Foul Ball, location: 2F 0-2: Fly out, F3 (Popup, 3F)
|
Batting: SHB Terry Dailey
|
0-0: Swinging Strike 0-1: Ball 1-1: Ground out 6-3 (Groundball, 6M)
|
Bottom of the 2nd over - 2 runs, 4 hits, 0 errors, 2 left on base; Nevada 1 - San Francisco 2 |
TOP OF THE 3RD |
Nevada Noise batting - Pitching for San Francisco Bandits : LHP Jesús López
|
Batting: RHB Fernando Gálvez
|
0-0: Ball 1-0: Foul Ball, location: 2F 1-1: Foul Ball, location: 2F 1-2: Ball 2-2: Ball 3-2: Foul Ball, location: 2F 3-2: Foul Ball, location: 2F 3-2: Base on Balls
|
Batting: RHB Jim Tracy
|
0-0: Called Strike 0-1: Ball 1-1: SINGLE (Flyball, 8RS) Fernando Gálvez to second Runner from 2nd tries for 3rd, SAFE, no throw
|
Batting: LHB Greg Nelson
|
0-0: Ball 1-0: Swinging Strike 1-1: Ball 2-1: Called Strike 2-2: Ball 3-2: SINGLE (Flyball, 8RM) Fernando Gálvez scores Jim Tracy to second
|
Batting: RHB Luis Cruz
|
0-0: Swinging Strike 0-1: Ball 1-1: Ball 2-1: Ball 3-1: Swinging Strike 3-2: Foul Ball, location: 2F 3-2: Foul Ball, location: 2F 3-2: Reached on error, E4 (Groundball, 4) Jim Tracy to third Greg Nelson to second
|
Batting: RHB Iván Gonzáles
|
0-0: Ball 1-0: Swinging Strike 1-1: SINGLE (Groundball, 34D) Jim Tracy scores Greg Nelson to third Luis Cruz to second Runner from 3rd tries for Home, SAFE, no throw
|
Batting: RHB José Aguilera
|
0-0: Ball 1-0: Called Strike 1-1: Ball 2-1: Swinging Strike 2-2: Foul Ball, location: 2F 2-2: Foul Ball, location: 2F 2-2: Strikes out swinging
|
Batting: SHB Nate Rhodes
|
0-0: Foul Ball, location: 2F 0-1: Foul Ball, location: 2F 0-2: Fly out, F9 (Flyball, 89M) Runner from 2nd tags up, SAFE at 3rd with throw
|
Batting: LHB Milton Watson
|
0-0: Called Strike 0-1: Ground out 1-3 (Groundball, 13)
|
Top of the 3rd over - 3 runs, 3 hits, 1 error, 2 left on base; Nevada 4 - San Francisco 2 |
BOTTOM OF THE 3RD |
San Francisco Bandits batting - Pitching for Nevada Noise : RHP Jung Chwa
|
Batting: LHB Chris Austin
|
0-0: Ball 1-0: Called Strike 1-1: Foul Ball, location: 2F 1-2: Ball 2-2: Fly out, F4 (Popup, 4)
|
Batting: RHB Owen Carter
|
0-0: Ball 1-0: Ball 2-0: Called Strike 2-1: SOLO HOME RUN (Line Drive, 7LD), Distance : 374 ft
|
Batting: LHB Mario García
|
0-0: Ball 1-0: Ball 2-0: Foul Ball, location: 2F 2-1: Ball 3-1: Foul Ball, location: 2F 3-2: Foul Ball, location: 2F 3-2: Fly out, F8 (Line Drive, 8LS)
|
Batting: LHB Alan McGilroy
|
0-0: Foul Ball, location: 2F 0-1: Ball 1-1: Swinging Strike 1-2: Foul Ball, location: 2F 1-2: Fly out, F9 (Flyball, 9LM)
|
Bottom of the 3rd over - 1 run, 1 hit, 0 errors, 0 left on base; Nevada 4 - San Francisco 3 |
TOP OF THE 4TH |
Nevada Noise batting - Pitching for San Francisco Bandits : LHP Jesús López
|
Batting: SHB Derek Roach
|
0-0: Ball 1-0: Ground out 4-3 (Groundball, 34)
|
Batting: RHB Fernando Gálvez
|
0-0: Ball 1-0: Swinging Strike 1-1: Called Strike 1-2: SINGLE (Flyball, 7LM)
|
Batting: RHB Jim Tracy
|
0-0: Called Strike 0-1: Ball 1-1: Called Strike 1-2: Foul Ball, location: 2F 1-2: Foul Ball, location: 2F 1-2: Foul Ball, location: 2F 1-2: Foul Ball, location: 2F 1-2: Ball 2-2: SINGLE (Groundball, 4D) Fernando Gálvez to second Runner from 2nd tries for 3rd, SAFE, no throw
|
Pitching: RHP Alfonso Martínez
|
|
Batting: LHB Greg Nelson
|
0-0: Called Strike 0-1: Ball 1-1: Ball 2-1: Foul Ball, location: 2F 2-2: Foul Ball, location: 2F 2-2: Foul Ball, location: 2F 2-2: Foul Ball, location: 2F 2-2: Strikes out looking
|
Batting: RHB Luis Cruz
|
0-0: Ball 1-0: Foul Ball, location: 2F 1-1: Swinging Strike 1-2: Ground out 5-3 (Groundball, 56S)
|
Top of the 4th over - 0 runs, 2 hits, 0 errors, 2 left on base; Nevada 4 - San Francisco 3 |
BOTTOM OF THE 4TH |
San Francisco Bandits batting - Pitching for Nevada Noise : RHP Jung Chwa
|
Batting: RHB Millard Stark
|
0-0: Ball 1-0: Ball 2-0: SINGLE (Groundball, 4D)
|
Batting: RHB Scott Merritt
|
0-0: Called Strike 0-1: Ball 1-1: Ball 2-1: Called Strike 2-2: Ball 3-2: Grounds into double play, 6-4-3 (Groundball, 6)
|
Batting: RHB Lorenzo Mota
|
0-0: SINGLE (Line Drive, 4D)
|
Batting: RHB Javier Ramírez
|
0-0: Called Strike 0-1: Swinging Strike 0-2: Ball 1-2: Foul Ball, location: 2F 1-2: Ball 2-2: Ball 3-2: Strikes out swinging
|
Bottom of the 4th over - 0 runs, 2 hits, 0 errors, 1 left on base; Nevada 4 - San Francisco 3 |
TOP OF THE 5TH |
Nevada Noise batting - Pitching for San Francisco Bandits : RHP Alfonso Martínez
|
Batting: RHB Iván Gonzáles
|
0-0: Fly out, F9 (Flyball, 9D)
|
Batting: RHB José Aguilera
|
0-0: Fly out, F4 (Popup, 4D)
|
Batting: SHB Nate Rhodes
|
0-0: Called Strike 0-1: Ball 1-1: Foul Ball, location: 2F 1-2: Foul Ball, location: 2F 1-2: Strikes out looking
|
Top of the 5th over - 0 runs, 0 hits, 0 errors, 0 left on base; Nevada 4 - San Francisco 3 |
BOTTOM OF THE 5TH |
San Francisco Bandits batting - Pitching for Nevada Noise : RHP Jung Chwa
|
Batting: SHB Terry Dailey
|
0-0: Ball 1-0: Swinging Strike 1-1: Fly out, F3 (Flyball, 3D)
|
Batting: LHB Chris Austin
|
0-0: Ball 1-0: Ball 2-0: Called Strike 2-1: Ground out U3 (Groundball, 3S)
|
Batting: RHB Owen Carter
|
0-0: Ball 1-0: Foul Ball, location: 2F 1-1: Ball 2-1: Called Strike 2-2: Fly out, F9 (Line Drive, 9D)
|
Bottom of the 5th over - 0 runs, 0 hits, 0 errors, 0 left on base; Nevada 4 - San Francisco 3 |
TOP OF THE 6TH |
Nevada Noise batting - Pitching for San Francisco Bandits : RHP Alfonso Martínez
|
Batting: LHB Milton Watson
|
0-0: Ball 1-0: Ball 2-0: Foul Ball, location: 2F 2-1: SOLO HOME RUN (Flyball, 9LD), Distance : 329 ft
|
Batting: SHB Derek Roach
|
0-0: Ball 1-0: Foul Ball, location: 2F 1-1: Swinging Strike 1-2: DOUBLE (Line Drive, 7LS)
|
Batting: RHB Fernando Gálvez
|
0-0: Intentional Walk
|
Batting: RHB Jim Tracy
|
0-0: Called Strike 0-1: Ball 1-1: Ball 2-1: Ball 3-1: Base on Balls Derek Roach to third Fernando Gálvez to second
|
Batting: LHB Greg Nelson
|
0-0: Ball 1-0: Fly out, F7 (Flyball, 7LM) Runner from 3rd tags up, OUT at HOME Fernando Gálvez to third Jim Tracy to second
|
Now in RF: Michael Elliott
|
|
Batting: RHB Luis Cruz
|
0-0: Ball 1-0: Ball 2-0: Called Strike 2-1: Ball 3-1: DOUBLE (Flyball, 78XD) Fernando Gálvez scores Jim Tracy scores
|
Pitching: RHP Carlos Ledezma
|
|
Batting: RHB Iván Gonzáles
|
0-0: Called Strike 0-1: Ball 1-1: Ball 2-1: Ball 3-1: Foul Ball, location: 2F 3-2: DOUBLE (Line Drive, 7LM) Luis Cruz scores
|
Batting: RHB José Aguilera
|
0-0: Ball 1-0: Ground out 6-3 (Groundball, 56)
|
Top of the 6th over - 4 runs, 4 hits, 0 errors, 1 left on base; Nevada 8 - San Francisco 3 |
BOTTOM OF THE 6TH |
San Francisco Bandits batting - Pitching for Nevada Noise : RHP Jung Chwa
|
Batting: RHB Michael Elliott
|
0-0: Swinging Strike 0-1: Foul Ball, location: 2F 0-2: Fly out, F9 (Flyball, 89D)
|
Batting: LHB Alan McGilroy
|
0-0: Ball 1-0: SOLO HOME RUN (Flyball, 9LD), Distance : 316 ft
|
Batting: RHB Millard Stark
|
0-0: Swinging Strike 0-1: Called Strike 0-2: Ball 1-2: Ground out 4-3 (Groundball, 4)
|
Batting: RHB Scott Merritt
|
0-0: Fly out, F5 (Flyball, 56D)
|
Bottom of the 6th over - 1 run, 1 hit, 0 errors, 0 left on base; Nevada 8 - San Francisco 4 |
TOP OF THE 7TH |
Nevada Noise batting - Pitching for San Francisco Bandits : RHP Carlos Ledezma
|
Batting: SHB Nate Rhodes
|
0-0: Called Strike 0-1: Ball 1-1: Called Strike 1-2: Foul Ball, location: 2F 1-2: Ball 2-2: Ball 3-2: Foul Ball, location: 2F 3-2: Ground out 4-3 (Groundball, 4)
|
Batting: LHB Milton Watson
|
0-0: Ball 1-0: Ball 2-0: Called Strike 2-1: Swinging Strike 2-2: Ball 3-2: Strikes out swinging
|
Batting: SHB Derek Roach
|
0-0: Called Strike 0-1: Foul Ball, location: 2F 0-2: Ball 1-2: Ball 2-2: Ground out 4-3 (Groundball, 34)
|
Top of the 7th over - 0 runs, 0 hits, 0 errors, 0 left on base; Nevada 8 - San Francisco 4 |
BOTTOM OF THE 7TH |
San Francisco Bandits batting - Pitching for Nevada Noise : RHP Jung Chwa
|
Batting: RHB Lorenzo Mota
|
0-0: Ball 1-0: Swinging Strike 1-1: Foul Ball, location: 2F 1-2: Ball 2-2: SINGLE (Flyball, 78S)
|
Batting: RHB Javier Ramírez
|
0-0: Called Strike 0-1: Fly out, F9 (Flyball, 9LSF)
|
Batting: SHB Terry Dailey
|
0-0: Called Strike 0-1: Ball 1-1: Called Strike 1-2: Fly out, F7 (Flyball, 7LMF)
|
Batting: LHB Chris Austin
|
0-0: Ball 1-0: Ball 2-0: Called Strike 2-1: Foul Ball, location: 2F 2-2: Ball 3-2: Strikes out swinging
|
Bottom of the 7th over - 0 runs, 1 hit, 0 errors, 1 left on base; Nevada 8 - San Francisco 4 |
TOP OF THE 8TH |
Nevada Noise batting - Pitching for San Francisco Bandits : RHP Carlos Ledezma
|
Batting: RHB Fernando Gálvez
|
0-0: Ball 1-0: Ground out 5-3 (Groundball, 56S)
|
Batting: RHB Jim Tracy
|
0-0: Ball 1-0: DOUBLE (Line Drive, 89D)
|
Batting: LHB Greg Nelson
|
0-0: Foul Ball, location: 2F 0-1: Ball 1-1: Foul Ball, location: 2F 1-2: Foul Ball, location: 2F 1-2: Foul Ball, location: 2F 1-2: Foul Ball, location: 2F 1-2: Ball 2-2: Ground out 3-1 (Groundball, 34D) Jim Tracy to third
|
Batting: RHB Luis Cruz
|
0-0: Ball 1-0: Fly out, F7 (Flyball, 78S)
|
Top of the 8th over - 0 runs, 1 hit, 0 errors, 1 left on base; Nevada 8 - San Francisco 4 |
BOTTOM OF THE 8TH |
San Francisco Bandits batting - Pitching for Nevada Noise : RHP Jung Chwa
|
Pitching: RHP Carl Henry
|
|
Batting: RHB Owen Carter
|
0-0: Ball 1-0: Fly out, F3 (Popup, 34S)
|
Batting: RHB Michael Elliott
|
0-0: Fly out, F7 (Flyball, 7S)
|
Batting: LHB Alan McGilroy
|
0-0: Called Strike 0-1: Foul Ball, location: 2F 0-2: Foul Ball, location: 2F 0-2: Strikes out swinging
|
Bottom of the 8th over - 0 runs, 0 hits, 0 errors, 0 left on base; Nevada 8 - San Francisco 4 |
TOP OF THE 9TH |
Nevada Noise batting - Pitching for San Francisco Bandits : RHP Carlos Ledezma
|
Pitching: RHP Kunihiko Daikawa
|
|
Batting: RHB Iván Gonzáles
|
0-0: Swinging Strike 0-1: SINGLE (Groundball, 56D)
|
Batting: RHB José Aguilera
|
0-0: Bunted foul 0-1: Sac Bunt - play at first, batter OUT! 3-4 Iván Gonzáles to second
|
Batting: SHB Nate Rhodes
|
0-0: Fly out, F7 (Flyball, 78M)
|
Batting: LHB Milton Watson
|
0-0: Ball 1-0: Called Strike 1-1: Ball 2-1: Fly out, F8 (Flyball, 78XD)
|
Top of the 9th over - 0 runs, 1 hit, 0 errors, 1 left on base; Nevada 8 - San Francisco 4 |
BOTTOM OF THE 9TH |
San Francisco Bandits batting - Pitching for Nevada Noise : RHP Carl Henry
|
Batting: RHB Millard Stark
|
0-0: SINGLE (Line Drive, 89M)
|
Batting: RHB Scott Merritt
|
0-0: Ball 1-0: Ball 2-0: 2-RUN HOME RUN (Flyball, 78XD), Distance : 372 ft
|
Pitching: RHP Dan Wilson
|
|
Batting: RHB Lorenzo Mota
|
0-0: Called Strike 0-1: Swinging Strike 0-2: Ball 1-2: Foul Ball, location: 2F 1-2: Ball 2-2: Foul Ball, location: 2F 2-2: Ball 3-2: Base on Balls
|
Batting: RHB Javier Ramírez
|
0-0: Fly out, F3 (Popup, 3SF)
|
Batting: SHB Terry Dailey
|
0-0: Swinging Strike 0-1: Ball 1-1: Ball 2-1: Swinging Strike 2-2: Foul Ball, location: 2F 2-2: Strikes out swinging
|
Batting: LHB Chris Austin
|
0-0: Swinging Strike 0-1: Foul Ball, location: 2F 0-2: Fly out, F6 (Popup, 6)
|
Bottom of the 9th over - 2 runs, 2 hits, 0 errors, 1 left on base; Nevada 8 - San Francisco 6 |
|